 Dungeon Crawl Stone Soup version 0.31-a0-564-g3b7de120b3 (webtiles) character file.

Game seed: 18400641073702752547

60 Rohain the Ruffian (level 3, -3/27 HPs)
             Began as a Demonspawn Shapeshifter on Aug 17, 2023.
             Slain by a kobold
             ... wielding a +0 trident
              (6 damage)
             ... on level 2 of the Dungeon.
             The game lasted 00:02:02 (1478 turns).

Rohain the Ruffian (Demonspawn Shapeshifter)        Turns: 1478, Time: 00:02:03

Health: -3/27      AC:  3    Str: 17    XL:     3   Next: 82%
Magic:  3/3        EV: 14    Int:  9    God:
Gold:   37         SH:  0    Dex: 13    Spells: 2/2 levels left

rFire   . .          .
                       - Unarmed
rCold   . . .        (no shield)
rNeg    . . .        k - +0 leather armour
rPois   .            (helmet currently unavailable)
rElec   .            (cloak currently unavailable)
rCorr   .            (gloves currently unavailable)
SInv    .            (boots currently unavailable)
Will    .....        (no amulet)
Stlth   +            (no ring)
HPRegen 0.24/turn    (no ring)
MPRegen 0.08/turn

%: no passive effects
@: confused, beast-form
A: beast (slay +2), repulsion field 1, demonic guardian 1
a: Begin Untransformation


You were on level 2 of the Dungeon.
You were a hulking beast.
You visited 1 branch of the dungeon, and saw 2 of its levels.

You collected 37 gold pieces.

Inventory:

Armour
 a - a +0 animal skin
 i - a +0 cloak
 k - a +0 leather armour (worn)
Jewellery
 l - a ring of fire
Talismans
 c - a beast talisman (active)
 d - a flux talisman
Scrolls
 e - 2 scrolls of identify
 j - a scroll of fear {unknown}
Potions
 b - a potion of lignification
 f - a potion of cancellation
 g - a potion of brilliance {unknown}


   Skills:
 + Level 1.7 Fighting
 + Level 2.3 Dodging
 * Level 3.4 Unarmed Combat
 + Level 3.0 Shapeshifting


You had 2 spell levels left.
You didn't know any spells.
Your spell library was empty.

Dungeon Overview and Level Annotations

Branches:
Dungeon (2/15)

Altars:

Annotations:
D:2 1 runed translucent door, Crazy Yiuf, Sigmund


Innate Abilities, Weirdness & Mutations

You are a hulking beast.
Your limbs bulge with bestial killing power. (Slay +2)
You are surrounded by a mild repulsion field. (EV +2)
A weak demonic guardian rushes to your aid.


Message History

You bump into the rock wall.
Sigmund points at you and mumbles some strange words.
You resist with significant effort.
You bump into the rock wall.
You feel less confused.
Sigmund hits you from afar with a +0 scythe.
Sigmund mumbles some strange words.
Sigmund flickers and vanishes!
Deactivating autopickup; reactivate with Ctrl-A.
You see here a rat corpse.
You see here a rat corpse.
The kobold shouts!
You see here a rat corpse.
Sigmund hits you with a +0 scythe!
You hit Sigmund.
Sigmund is heavily wounded.
The kobold hits you from afar with a +0 trident.
* * * LOW HITPOINT WARNING * * *
Sigmund attacks as you move away! Sigmund closely misses you.
Sigmund barely misses you.
As you read the scroll of teleportation, it crumbles to dust.
You feel strangely unstable.
Sigmund points at you and mumbles some strange words.
You are confused.
The kobold misses you.
You bump into the rock wall.
The kobold closely misses you.
You're too confused to move!
Your surroundings flicker for a moment.
Sigmund gestures at you while chanting. The magic dart hits you.
* * * LOW HITPOINT WARNING * * *
A demonic guardian appears!
Sigmund misses you. The kobold barely misses you.
Your white imp closely misses the kobold.
The kobold misses you. Sigmund gestures at you while chanting.
You are more confused.
Your white imp misses the kobold.
Your white imp hits Sigmund.
Your white imp freezes Sigmund.
The kobold hits you with a +0 trident.
You die...

###### #....# ##### #....# #...#
#######....# #...#
......#....###...#
.####.#.....##...####### ## .#
#.#.#'#....5.#.....# ######. .#
#.#.#.#)##.@h#.....####...... .#
##.†..).....K.......'.........
####..#.#÷#.#.##.......##########
#...##.#.#.#.#####'####
#>.....#.#†#.### #.# #####
#.######...#...# #.# #)..# #.#
####....# #.# #...# #.# #....#
#.. ..^ ##'### #....# ### #+#


You could see Sigmund, a kobold (ally target) and a friendly white imp
(summoned).

Vanquished Creatures
  Terence (D:2)
  5 bats
  5 goblins
  5 hobgoblins
  6 ball pythons
  3 frilled lizards
  4 kobolds (D:2)
  4 rats
33 creatures vanquished.

Vanquished Creatures (collateral kills)
  A quokka (D:1)
1 creature vanquished.

Grand Total: 34 creatures vanquished

Notes
Turn   | Place    | Note
-------+----------+-------------------------------------------
     0 | D:1      | Rohain the Demonspawn Shapeshifter began the quest for the
                  | Orb.
     0 | D:1      | Reached XP level 1. HP: 15/15 MP: 1/1
   195 | D:1      | Gained mutation: A weak demonic guardian rushes to your
                  | aid. [demonic ancestry]
   195 | D:1      | Reached XP level 2. HP: 21/21 MP: 2/2
  1046 | D:2      | Noticed Terence
  1056 | D:2      | Killed Terence
  1057 | D:2      | Gained mutation: You are surrounded by a mild repulsion
                  | field. (EV +2) [demonic ancestry]
  1057 | D:2      | Reached XP level 3. HP: 9/27 MP: 3/3
  1153 | D:2      | Found a runed translucent door.
  1154 | D:2      | Noticed Crazy Yiuf
  1412 | D:2      | Noticed Sigmund
  1478 | D:2      | Slain by a kobold

Illustrated notes

Levels and vault maps discovered:
D:1:      dpeg_arrival_signposts, layout_basic
D:2:      layout_basic, uniq_crazy_yiuf_cottage, uniq_sigmund, uniq_terence

Skill      XL: |  1  2  3 |
---------------+----------+-----
Dodging        | 2 |  2.3
Unarmed Combat | 3 |  3.4
Shapeshifting  | 3 |  3.0
Fighting       | |  1.7

Action                     || total
---------------------------++-------
  Melee: Unarmed           ||    92
         Punch             ||     2
    Use: Scroll            ||     4
   Stab: Sleeping          ||     2
 Armour: Animal skin       ||    22
         Leather armour    ||     1
  Dodge: Dodged            ||    74

Table legend: (Time is in decaauts)
 A = Elapsed time spent in this place.
 B = Non-inter-level travel time spent in this place.
 C = Inter-level travel time spent in this place.
 D = Time resting spent in this place.
 E = Time spent auto-exploring this place.
 F = Levels seen in this place.
 G = Mean time per level.
                   A        B        C        D        E       F      G
               +--------+--------+--------+--------+--------+-----+--------+
         Total |   1471 |   1422 |     49 |     80 |   1033 |   2 |  735.5 |
       Dungeon |   1471 |   1422 |     49 |     80 |   1033 |   2 |  735.5 |
               +--------+--------+--------+--------+--------+-----+--------+

Top non-repeatable levels by time:
     D:1: 869 daAuts
     D:2: 602 daAuts
